[Event "*** Titled Tuesday Blitz"]
[Site "Chess.com"]
[Date "2021.02.16"]
[Round "4"]
[White "ILoveMauritania"]
[Black "RaneshRatnesan"]
[Result "0-1"]
[WhiteElo "2363"]
[BlackElo "2203"]
[TimeControl "180+1"]
[EndTime "10:40:56 PST"]
[Termination "RaneshRatnesan won on time"]

1. e4 c5 2. Nf3 d6 3. Bb5+ Bd7 4. Bxd7+ Nxd7 5. O-O Ngf6 6. Re1 Rc8 7. c3 e6 8. d4 cxd4 9. cxd4 Be7 10. Nc3 O-O 11. e5 Ne8 12. Bf4 d5 13. Qd2 Nb6 14. b3 Bb4 15. Rac1 Nc7 16. Qd3 Ba3 17. Rc2 Na6 18. Ng5 g6 19. Qh3 h5 20. g4 Be7 21.
Nf3 hxg4 22. Qxg4 Kg7 23. Ng5 Nb4 24. Rcc1 Nd3 25. Re3 Nxf4 26. Qxf4 Bxg5 27. Qg4 Bxe3 28. fxe3 Rh8 29. Rf1 Qh4 30. Qe2 Rxc3 31. Qf2 Qxf2+ 32.
Rxf2 Rxe3 33. Kg2 Re4 0-1

[Event "*** Titled Tuesday Blitz"]
[Site "Chess.com"]
[Date "2021.02.16"]
[Round "4"]
[White "Supernotar"]
[Black "beautroll"]
[Result "1-0"]
[WhiteElo "2767"]
[BlackElo "2474"]
[TimeControl "180+1"]
[EndTime "10:40:58 PST"]
[Termination "Supernotar won by resignation"]

1. d4 Nf6 2. c4 g6 3. Nc3 Bg7 4. e4 d6 5. Be2 O-O 6. Nf3 e5 7. O-O Nc6 8. d5 Ne7 9. Ne1 Ne8 10. Be3 f5 11. f3 f4 12. Bf2 h5 13. c5 g5 14. a4 Ng6 15. a5 a6 16. cxd6 Nxd6 17.
Nd3 b6 18. Nb4 b5 19. Nc6 Qf6 20. Rc1 b4 21. Na4 g4 22. Kh1 g3 23. Bg1 Nh4 24. Re1 Qg5 25. Bf1 Bg4 26. Qe2 Bh6 27. Nc5 Rf7 28.
Ne6 Qg6 29. h3 Bxe6 30. dxe6 Qxe6 31. Nxb4 Kh8 32. Nd5 Nb5 33. Rc4 Rg7 34. Rec1 Qd6 35. Rc6 Qd8 36. Rxh6+ Kg8 37. Nf6+ Kf7 38. Qc4+ Ke7 39.
Bc5+ 1-0

[Event "*** Titled Tuesday Blitz"]
[Site "Chess.com"]
[Date "2021.02.16"]
[Round "4"]
[White "Sokoloco"]
[Black "Zubrrr"]
[Result "0-1"]
[WhiteElo "2464"]
[BlackElo "2634"]
[TimeControl "180+1"]
[EndTime "10:40:59 PST"]
[Termination "Zubrrr won by resignation"]

1. b3 e5 2. Bb2 Nc6 3. e3 Nf6 4.
Bb5 Bd6 5. Na3 Na5 6. Be2 Qe7 7. Nb5 O-O 8. Nxd6 Qxd6 9. Nf3 Re8 10. O-O b6 11. d4 e4 12. Ne5 Bb7 13. c4 Qe7 14. d5 d6 15. Ng4 Nxg4 16. Bxg4 Bc8 17. Bxc8 Raxc8 18. Qg4 f6 19. Rad1 Qf7 20. f3 exf3 21. Rxf3 Qg6 22. Qd7 Qc2 23. Rdf1 Qxb2 24. Rxf6 gxf6 25.
Rf4 Qc1+ 26. Kf2 Qxe3+ 0-1

[Event "*** Titled Tuesday Blitz"]
[Site "Chess.com"]
[Date "2021.02.16"]
[Round "4"]
[White "xamax2000"]
[Black "Angel_Hranitel_37"]
[Result "0-1"]
[WhiteElo "2654"]
[BlackElo "2498"]
[TimeControl "180+1"]
[EndTime "10:41:00 PST"]
[Termination "Angel_Hranitel_37 won by resignation"]

1. d4 Nf6 2. c4 g6 3. Nc3 Bg7 4. e4 O-O 5. Be2 d6 6. Be3 e5 7. d5 Na6 8. g4 Nc5 9. f3 h5 10. g5 Nh7 11. h4 f6 12. gxf6 Bxf6 13. Bf2 Be7 14. Kd2 Rf4 15. Qe1 Bd7 16. Kc2 Na4 17. Nxa4 Bxa4+ 18. b3 Bd7 19. Rd1 b5 20. cxb5 Qe8 21.
Qa5 Bd8 22. Qa6 Nf6 23. Bg3 Nxe4 24. fxe4 Rxe4 25. Bd3 Re3 26. Bf2 Rxd3 27. Kxd3 Bxb5+ 28. Qxb5 Qxb5+ 29. Kc2 c6 30. dxc6 Qxc6+ 0-1

[Event "*** Titled Tuesday Blitz"]
[Site "Chess.com"]
[Date "2021.02.16"]
[Round "4"]
[White "dozer80"]
[Black "KubaGepard"]
[Result "1-0"]
[WhiteElo "2618"]
[BlackElo "2395"]
[TimeControl "180+1"]
[EndTime "10:41:00 PST"]
[Termination "dozer80 won by resignation"]

1. e4 e5 2. Nf3 Nc6 3. Bb5 a6 4. Ba4 Nf6 5. O-O Be7 6. Bxc6 dxc6 7. d3 Bd6 8. b3 Qe7 9. Bb2 O-O 10. Nbd2 Nd7 11. Nc4 Re8 12. Re1 f6 13. d4 exd4 14. Nxd4 Nb6 15. Nxd6 cxd6 16. c4 Be6 17. Qd2 Rad8 18.
Rad1 Nc8 19. f3 Qc7 20. a4 b6 21. f4 b5 22. axb5 axb5 23. cxb5 Na7 24. bxc6 Rb8 25.
Nxe6 Rxe6 26. Qd5 Qf7 27. Rc1 Rbe8 28. Bd4 Nc8 29. Bf2 g6 30. c7 Kg7 31. b4 R8e7 32. b5 Qe8 33. b6 Nxb6 34. Bxb6 Rxe4 35.
Rxe4 Rxe4 36. Qxe4 Qxe4 37. c8=Q 1-0

[Event "*** Titled Tuesday Blitz"]
[Site "Chess.com"]
[Date "2021.02.16"]
[Round "4"]
[White "safikiet"]
[Black "JosefineHeinemann"]
[Result "0-1"]
[WhiteElo "2315"]
[BlackElo "2608"]
[TimeControl "180+1"]
[EndTime "10:41:00 PST"]
[Termination "JosefineHeinemann won by resignation"]

1. d4 Nf6 2. c4 e6 3. g3 c5 4. d5 exd5 5. cxd5 d6 6. Nc3 g6 7. Bg2 Bg7 8. Nf3 O-O 9. O-O Re8 10. h3 Ne4 11. Nxe4 Rxe4 12. Qc2 Re8 13. e4 Nd7 14. Nd2 b5 15. a4 bxa4 16. Rxa4 Nb6 17. Ra2 a5 18.
Re1 Bd7 19. Nc4 Nxc4 20. Qxc4 Qb6 21. Bf1 f5 22. Bd2 fxe4 23. Rxe4 Bxb2 24. Rxe8+ Rxe8 25. Bxa5 Qb7 26. Bd2 Bd4 27. Bc3 Bxc3 28. Qxc3 Bxh3 29.
Bxh3 Qb1+ 30. Kh2 Qxa2 31. Qf6 Qxd5 32. Bg2 Qh5+ 33. Kg1 Qe5 34. Qf3 d5 35. Qxd5+ Qxd5 36.
Bxd5+ Kg7 37. Kf1 Rd8 38. Bc4 Kf6 39. Ke2 Ke5 0-1

[Event "*** Titled Tuesday Blitz"]
[Site "Chess.com"]
[Date "2021.02.16"]
[Round "4"]
[White "Natalya_Buksa"]
[Black "Dii210"]
[Result "1-0"]
[WhiteElo "2534"]
[BlackElo "2362"]
[TimeControl "180+1"]
[EndTime "10:41:02 PST"]
[Termination "Natalya_Buksa won by resignation"]

1. e4 c5 2. c3 Nf6 3. e5 Nd5 4. Bc4 Nb6 5. Bb3 d5 6. exd6 Qxd6 7.
Na3 Nc6 8. d4 cxd4 9. Nb5 Qe5+ 10. Qe2 Qxe2+ 11. Nxe2 d3 12. Nf4 Rb8 13. Nxd3 a6 14.
Nc7+ Kd7 15. Bf4 e6 16. O-O-O Nd5 17. Nxd5 exd5 18. Bxd5 Bd6 19. Nc5+ Bxc5 20. Bxc6+ Kxc6 21. Bxb8 Bxf2 22. Bg3 Be3+ 23. Kb1 Bf5+ 24. Ka1 Bc5 25. Rhf1 Bg6 26. b4 Be7 27. Be5 f6 28. Bf4 Rc8 29.
Kb2 Be4 30. Rfe1 f5 31. g4 g6 32. gxf5 gxf5 33. Re3 a5 34. a3 axb4 35. axb4 Kb5 36. Rh3 Bf6 37. Rd6 Bh8 38. Kb3 Bg2 39. Re3 Bf1 40.
Rd5+ Kc6 41. Rc5+ 1-0

[Event "*** Titled Tuesday Blitz"]
[Site "Chess.com"]
[Date "2021.02.16"]
[Round "4"]
[White "Dedic8"]
[Black "Firouzja2003"]
[Result "0-1"]
[WhiteElo "2826"]
[BlackElo "3084"]
[TimeControl "180+1"]
[EndTime "10:41:03 PST"]
[Termination "Firouzja2003 won by resignation"]

1. e4 c5 2. Nf3 d6 3. d4 cxd4 4. Nxd4 Nf6 5. Nc3 a6 6. Bg5 e6 7. f4 Be7 8. Qf3 h6 9. Bxf6 Bxf6 10. O-O-O Qb6 11. Nb3 Bd7 12. Kb1 Be7 13. f5 Nc6 14. g3 Ne5 15. Qe2 Rc8 16. Bh3 O-O 17. Ka1 Bf6 18.
fxe6 fxe6 19. Rhf1 Nc4 20. Rd3 Qb4 21. Nd1 Ne5 22. a3 Qb6 23. Rd2 Nc4 24. Rxf6 Rxf6 25. Rd4 Na5 26. Qd3 Nxb3+ 27. cxb3 Bb5 28. Qd2 Rc2 29.
Qxc2 Qxd4 30. Nc3 Bd3 31. Qd2 e5 32. Ka2 Rf2 33. Qc1 Rc2 34. Qe1 b5 35. Be6+ Kh8 36. Bd5 a5 37. a4 b4 38. Nd1 Rc1 39. Qd2 Bb1+ 0-1

[Event "*** Titled Tuesday Blitz"]
[Site "Chess.com"]
[Date "2021.02.16"]
[Round "4"]
[White "ErikRonka"]
[Black "dpopadic"]
[Result "0-1"]
[WhiteElo "2477"]
[BlackElo "2354"]
[TimeControl "180+1"]
[EndTime "10:41:05 PST"]
[Termination "dpopadic won by checkmate"]

1. e4 c5 2. Nf3 Nc6 3. Nc3 e5 4. Bc4 Be7 5. d3 Nf6 6. Ng5 O-O 7. h4 Na5 8. f4 Nxc4 9. dxc4 d6 10. f5 a6 11. a4 Bd7 12. Qf3 Bc6 13. g4 Ne8 14. Nd5 Bxd5 15. exd5 e4 16. Nxe4 Bxh4+ 17. Kd1 Nf6 18.
Rxh4 Nxe4 19. Rh2 Ng5 20. Bxg5 Qxg5 21. Rh5 Qf6 22. Ra3 Rfe8 23. Re3 Qd4+ 24. Rd3 Qg1+ 25. Kd2 Qe1# 0-1

[Event "*** Titled Tuesday Blitz"]
[Site "Chess.com"]
[Date "2021.02.16"]
[Round "4"]
[White "Twitch_ElhamBlitz05"]
[Black "AlexPapasimakopoulos"]
[Result "1-0"]
[WhiteElo "2824"]
[BlackElo "2620"]
[TimeControl "180+1"]
[EndTime "10:41:06 PST"]
[Termination "Twitch_ElhamBlitz05 won by checkmate"]

1. e4 e6 2. d4 d5 3. Nd2 Nf6 4. Bd3 c5 5. exd5 exd5 6. Ngf3 Nc6 7. dxc5 Bxc5 8. O-O O-O 9. Nb3 Bb6 10. c3 Qd6 11. h3 Bd7 12. Nbd4 Rfe8 13. Be3 Ne4 14. Nb5 Qb8 15. Bxb6 axb6 16. Nbd4 Qd6 17. a3 Qg6 18. Kh2 Qd6+ 19. Kg1 Qg6 20. Kh1 Qh5 21. Nh2 Qh4 22. Kg1 Qg5 23. Qc1 Qg6 24. f3 Ne5 25. Bc2 Bxh3 26.
Rf2 f5 27. fxe4 dxe4 28. Qf4 e3 29. Qxe3 Ng4 30. Qxh3 Nxf2 31. Kxf2 Qg5 32. Nhf3 Qe3+ 33. Kf1 g6 34. Re1 Qf4 35. Bb3+ Kh8 36. Ne6 Qd6 37. Qh4 Qe7 38. Qd4+ Kg8 39. Neg5+ Kf8 40. Qh8# 1-0

[Event "*** Titled Tuesday Blitz"]
[Site "Chess.com"]
[Date "2021.02.16"]
[Round "4"]
[White "Hikaru"]
[Black "dragos420"]
[Result "1-0"]
[WhiteElo "3201"]
[BlackElo "2530"]
[TimeControl "180+1"]
[EndTime "10:41:07 PST"]
[Termination "Hikaru won by resignation"]

1. Nf3 Nf6 2. b3 d5 3. Bb2 c5 4. e3 Nc6 5. Bb5 e6 6. Bxc6+ bxc6 7. d3 Bd6 8. Nbd2 Qc7 9. e4 Nd7 10. O-O Bb7 11. Re1 O-O 12. e5 Be7 13. c4 a5 14. a4 Ba6 15. Nf1 Rfb8 16. Bc3 Bc8 17. h4 h6 18. h5 Nf8 19. N3h2 Bd7 20. f4 d4 21. Bb2 Rb7 22. g3 Rab8 23. Nd2 Be8 24.
Ba3 f5 25. exf6 Bxf6 26. Bxc5 Nd7 27. Ba3 e5 28. f5 e4 29. Nxe4 Rxb3 30. Bd6 Qc8 31.
Bxb8 Qxb8 32. Rb1 Rb4 33. Rxb4 axb4 34. a5 b3 35. a6 b2 36. Qc2 Bxh5 37. Rb1 Qa7 38.
g4 Bf7 39. Qxb2 Qxa6 40. Ra1 Qc8 41. Nf3 Qc7 42. Ra8+ Kh7 43. Qh2 Qxh2+ 44. Kxh2 Ne5 45. Nxf6+ gxf6 46. Nxe5 fxe5 47. Rc8 e4 48. dxe4 Bxc4 49.
Rxc6 Be2 50. Kg3 d3 51. Rd6 1-0

[Event "*** Titled Tuesday Blitz"]
[Site "Chess.com"]
[Date "2021.02.16"]
[Round "4"]
[White "HouseOfDurin"]
[Black "Gabrielian_Artur"]
[Result "0-1"]
[WhiteElo "2141"]
[BlackElo "2797"]
[TimeControl "180+1"]
[EndTime "10:41:07 PST"]
[Termination "Gabrielian_Artur won on time"]

1. d4 Nf6 2. Bg5 g6 3. Bxf6 exf6 4. c4 c5 5. e3 Qb6 6. dxc5 Qxb2 7. Qd4 Qc1+ 8. Ke2 Nc6 9. Qxf6 Qxc4+ 10. Kf3 Qxf1 11. Qxh8 Qd1+ 12. Ne2 Qxh1 13. Nd2 Qxh2 14. Ng3 Qh4 15.
Rh1 Qe7 16. Nde4 b6 17. Nf6+ Kd8 18. Nxh7 Ne5+ 19. Ke2 Ba6+ 20. Kd1 Kc7 21. Ne4 bxc5 22. Qf6 Qxf6 23. Nhxf6 Bc4 24. a3 Rb8 25. Rh7 Be6 26. f4 Nc4 27. Rh8 Be7 28. Rxb8 Kxb8 29. g4 d5 0-1

[Event "*** Titled Tuesday Blitz"]
[Site "Chess.com"]
[Date "2021.02.16"]
[Round "4"]
[White "MITerryble"]
[Black "German_Bazeev"]
[Result "1-0"]
[WhiteElo "2932"]
[BlackElo "2726"]
[TimeControl "180+1"]
[EndTime "10:41:08 PST"]
[Termination "MITerryble won by resignation"]

1. d4 Nf6 2. Nf3 e6 3. c4 b6 4. g3 Ba6 5. Qa4 Bb7 6. Bg2 g6 7. O-O Bg7 8. Qc2 O-O 9. Nc3 d5 10. Ne5 Nbd7 11. Rd1 c6 12. Bf4 Rc8 13. e4 Nh5 14. Be3 Nhf6 15. h3 a6 16. Qb3 b5 17.
exd5 exd5 18. cxd5 c5 19. Nc6 Bxc6 20. dxc6 c4 21.
Qa3 Nb6 22. d5 Re8 23. Bc5 Nh5 24. Qxa6 Na4 25. Nxa4 bxa4 26. Qxc4 Qg5 27. d6 Nxg3 28. fxg3 Qxg3 29. Bf2 1-0

[Event "*** Titled Tuesday Blitz"]
[Site "Chess.com"]
[Date "2021.02.16"]
[Round "4"]
[White "VladimirBugayev"]
[Black "korbul"]
[Result "1-0"]
[WhiteElo "2319"]
[BlackElo "2589"]
[TimeControl "180+1"]
[EndTime "10:41:12 PST"]
[Termination "VladimirBugayev won by resignation"]

1. e4 c5 2. Nc3 Nc6 3. Bb5 g6 4.
Bxc6 dxc6 5. d3 Bg7 6. Be3 b6 7. Qd2 Nf6 8. Bh6 O-O 9. Bxg7 Kxg7 10. h3 Ne8 11. f4 Nc7 12. Nf3 Ne6 13. O-O Nd4 14.
Qf2 f6 15. Rac1 Bb7 16. Ne2 Nxf3+ 17. Qxf3 Qd7 18. f5 g5 19. h4 h6 20. Kf2 Ba6 21.
Rh1 Rh8 22. Rh3 c4 23. d4 e6 24. Rch1 exf5 25. exf5 c3 26. hxg5 Bxe2 27. gxf6+ Kf7 28. Qxe2 Qxd4+ 29. Kf1 cxb2 30. Qe6+ Kf8 31. Qe7+ 1-0

[Event "*** Titled Tuesday Blitz"]
[Site "Chess.com"]
[Date "2021.02.16"]
[Round "4"]
[White "lucachess49"]
[Black "esteban062000"]
[Result "1-0"]
[WhiteElo "2357"]
[BlackElo "2138"]
[TimeControl "180+1"]
[EndTime "10:41:12 PST"]
[Termination "lucachess49 won by resignation"]

1. d4 Nf6 2. c4 e6 3. Nc3 Bb4 4.
e3 O-O 5. Ne2 d5 6. a3 Be7 7.
cxd5 exd5 8. Nf4 c6 9. Bd3 Na6 10. O-O Nc7 11. f3 Bd6 12. Bc2 Re8 13. e4 dxe4 14.
fxe4 Bxf4 15. Bxf4 Ne6 16. Be3 Nc7 17. Bg5 Ne6 18.
Bxf6 gxf6 19. d5 Qb6+ 20. Kh1 Nd4 21. Na4 Nxc2 22. Nxb6 Ne3 23. Qd3 Nxf1 24. Nxa8 Bd7 25. Rxf1 Rxa8 26. Qg3+ Kh8 27. Qf4 1-0

[Event "*** Titled Tuesday Blitz"]
[Site "Chess.com"]
[Date "2021.02.16"]
[Round "4"]
[White "dodorox"]
[Black "MagzyPotato"]
[Result "0-1"]
[WhiteElo "2195"]
[BlackElo "2424"]
[TimeControl "180+1"]
[EndTime "10:41:14 PST"]
[Termination "MagzyPotato won on time"]

1. d4 Nf6 2. c4 e6 3. Nc3 Bb4 4. e3 O-O 5. Ne2 Re8 6. a3 Bf8 7. Ng3 d5 8. Bd3 c5 9. cxd5 cxd4 10. exd4 exd5+ 11. Be3 Nc6 12. O-O Ne7 13. Qb3 Ng6 14.
Rfe1 a6 15. Nge2 Bd6 16. g3 Be6 17. Bxg6 hxg6 18. Bf4 b5 19. Bxd6 Qxd6 20. Nf4 Rac8 21. Kg2 Rc4 22. Rad1 g5 23. Nfe2 Qd7 24. Qc2 Bf5 25.
Qd2 Ne4 26. Nxe4 Bxe4+ 27. f3 Rc2 28. Qxg5 Bg6 29. Kf2 Qh3 30. Qh4 Qe6 0-1

[Event "*** Titled Tuesday Blitz"]
[Site "Chess.com"]
[Date "2021.02.16"]
[Round "4"]
[White "Mihnea2017"]
[Black "KuzubovYuriy"]
[Result "0-1"]
[WhiteElo "2461"]
[BlackElo "2838"]
[TimeControl "180+1"]
[EndTime "10:41:17 PST"]
[Termination "KuzubovYuriy won by resignation"]

1. e4 c5 2. Nf3 Nc6 3. d4 cxd4 4. Nxd4 Nf6 5. Nc3 e5 6. Ndb5 d6 7. Bg5 a6 8. Na3 b5 9. Nd5 Be7 10. Bxf6 Bxf6 11. c4 b4 12. Nc2 O-O 13. h4 a5 14.
g3 Rb8 15. Qd2 Be6 16. Bd3 b3 17. Nce3 Nd4 18. Be2 Bxd5 19. exd5 e4 20. O-O g6 21. Bd1 a4 22. axb3 axb3 23. Kg2 Bg7 24. f4 exf3+ 25. Bxf3 Re8 26. Rae1 Nc2 27. Nxc2 bxc2 28. Rxe8+ Qxe8 29. Rc1 Bxb2 30. Rxc2 Ba3 31. Qe2 Qd8 32. Ra2 Bc5 33. Rb2 Ra8 34. Qe1 Qf6 35. Re2 Kg7 36.
Re4 h5 37. Rf4 Ra2+ 38. Kh3 Qb2 39. Qh1 f5 40. Qg2 Be3 0-1

[Event "*** Titled Tuesday Blitz"]
[Site "Chess.com"]
[Date "2021.02.16"]
[Round "4"]
[White "Cuajada_Zero"]
[Black "akanga001"]
[Result "0-1"]
[WhiteElo "2236"]
[BlackElo "1977"]
[TimeControl "180+1"]
[EndTime "10:41:19 PST"]
[Termination "akanga001 won by resignation"]

1. d4 Nf6 2. c4 b6 3. Nc3 Bb7 4. f3 c5 5. d5 d6 6. e4 g6 7. Be3 Bg7 8. Qd2 O-O 9. Bd3 Nbd7 10. Nge2 e6 11. O-O exd5 12. cxd5 a6 13. a4 Qc7 14. Rae1 c4 15. Bc2 Nc5 16. Bd4 Rfe8 17. h3 Nfd7 18.
Bxg7 Kxg7 19. Nd4 Ne5 20. f4 Ned3 21. Re2 Re7 22. f5 f6 23. Rb1 Rae8 24. Ne6+ Nxe6 25. fxe6 Ne5 26. Kh2 Qc5 27. Rf1 b5 28. axb5 axb5 29. Ref2 Rf8 30. g4 b4 31. Ne2 c3 32. bxc3 bxc3 33. Qc1 Ba6 34. g5 Bxe2 35. Rxe2 fxg5 36. Rxf8 Kxf8 37. Qxg5 Nf3+ 0-1

[Event "*** Titled Tuesday Blitz"]
[Site "Chess.com"]
[Date "2021.02.16"]
[Round "4"]
[White "Zenzo"]
[Black "Unknown_IM"]
[Result "1-0"]
[WhiteElo "2616"]
[BlackElo "2380"]
[TimeControl "180+1"]
[EndTime "10:41:20 PST"]
[Termination "Zenzo won on time"]

1. e4 e5 2. Nf3 Nc6 3. Bb5 a6 4. Ba4 Nf6 5. d3 d6 6. c3 g6 7. O-O Bg7 8. Nbd2 O-O 9. Re1 b5 10. Bc2 h6 11. a4 Bb7 12. Nf1 Kh8 13. d4 Nh7 14. dxe5 dxe5 15. Qe2 b4 16. Ne3 bxc3 17.
bxc3 Ne7 18. Rb1 Qc8 19. Qc4 f5 20. Nd5 Bxd5 21. exd5 e4 22. Nd4 Qd7 23. Ne6 Rfc8 24. Nxg7 Kxg7 25. Rd1 Nf6 26. Bb3 Rab8 27. Bf4 g5 28.
Be5 Ng6 29. Bd4 Rd8 30. Qxa6 Qd6 31. Qxd6 Rxd6 32. c4 Ra6 33. Bc2 Raa8 34. Rxb8 Rxb8 35.
Rb1 Rxb1+ 36. Bxb1 Kf7 37. a5 Nf4 38. Kf1 Nd7 39.
a6 1-0

[Event "*** Titled Tuesday Blitz"]
[Site "Chess.com"]
[Date "2021.02.16"]
[Round "4"]
[White "FontVella8"]
[Black "Oglob71"]
[Result "0-1"]
[WhiteElo "2558"]
[BlackElo "2405"]
[TimeControl "180+1"]
[EndTime "10:41:20 PST"]
[Termination "Oglob71 won by resignation"]

1. d4 Nf6 2. Nf3 e6 3. c4 b6 4. g3 Bb4+ 5. Bd2 a5 6. Bg2 Bb7 7. O-O O-O 8. Nc3 d6 9. b3 Nbd7 10. a3 Bxc3 11. Bxc3 Be4 12. Nd2 Bxg2 13. Kxg2 Qb8 14. Qc2 b5 15. Rfb1 Qb7+ 16. f3 b4 17. Bb2 c5 18. a4 e5 19. d5 h6 20. e4 Nh7 21. Rf1 Rae8 22. Rf2 Qc8 23. Nf1 Ndf6 24. Ne3 Nh5 25. Nf5 Qd7 26. Bc1 Ng5 27. h4 Nh7 28. Be3 Kh8 29. Rg1 g6 30. Nxh6 f5 31. exf5 gxf5 32. g4 fxg4 33. fxg4 Nf4+ 34. Bxf4 exf4 35.
Nf5 Nf6 36. Rxf4 Nxg4 37. Qb2+ Ne5 38. Rgf1 Rg8+ 39. Kh1 Rg6 40. Qf2 Reg8 41. h5 Rg5 42. h6 Nd3 43. Qb2+ Nxb2 0-1

[Event "*** Titled Tuesday Blitz"]
[Site "Chess.com"]
[Date "2021.02.16"]
[Round "4"]
[White "volunteers1998"]
[Black "kekic76"]
[Result "0-1"]
[WhiteElo "2094"]
[BlackElo "2386"]
[TimeControl "180+1"]
[EndTime "10:41:20 PST"]
[Termination "kekic76 won on time"]

1. e4 c5 2. Nf3 e6 3. d4 cxd4 4. Nxd4 a6 5. Nc3 Qc7 6. Bd3 Nc6 7. Be3 Nf6 8. O-O Be7 9. f4 d6 10. Qf3 Bd7 11. Rad1 Nxd4 12. Bxd4 Bc6 13. Rfe1 O-O 14. Qf2 e5 15. Bb6 Qc8 16. Rd2 Ng4 17. Qg3 exf4 18.
Qxf4 Ne5 19. Nd5 Bxd5 20. exd5 h6 21. Qe4 Nxd3 22. Qxd3 Bf6 23. Bd4 Bxd4+ 24. Qxd4 Re8 25. Rde2 Rxe2 26. Rxe2 Qd7 27. c4 Re8 28. Rxe8+ Qxe8 29. Kf2 Qa4 30. a3 Qc2+ 31. Kf3 g5 32. h3 b5 33. cxb5 axb5 34. Kg3 Qb3+ 35. Kh2 Qa4 36. Qxa4 bxa4 37. Kg3 f5 38. Kf3 Kf7 39. Ke3 Kf6 40. Kd4 Ke7 0-1

[Event "*** Titled Tuesday Blitz"]
[Site "Chess.com"]
[Date "2021.02.16"]
[Round "4"]
[White "Szparu"]
[Black "Moultino06"]
[Result "1-0"]
[WhiteElo "2666"]
[BlackElo "2482"]
[TimeControl "180+1"]
[EndTime "10:41:21 PST"]
[Termination "Szparu won by resignation"]

1. d4 Nf6 2. Bg5 e6 3. e4 h6 4.
Bxf6 Qxf6 5. c3 c5 6. Nf3 Nc6 7.
d5 Ne5 8. Be2 Nxf3+ 9. Bxf3 d6 10.
Na3 Be7 11. O-O O-O 12. Nc4 exd5 13. Qxd5 Be6 14. Qd3 b5 15. Ne3 Qe5 16. Qxb5 Rab8 17. Qe2 Rb6 18. Rfc1 Rfb8 19. b3 Bg5 20. Rc2 Bxe3 21.
Qxe3 a5 22. Rd1 a4 23. bxa4 Ra6 24. Qd3 Rxa4 25. Qxd6 Qxd6 26. Rxd6 Rb1+ 27. Rd1 Rxd1+ 28. Bxd1 Rxe4 29. Kf1 Ra4 30. Re2 Bc4 31. Bxa4 1-0

[Event "*** Titled Tuesday Blitz"]
[Site "Chess.com"]
[Date "2021.02.16"]
[Round "4"]
[White "DenishevM"]
[Black "HrvojeZagreb"]
[Result "1-0"]
[WhiteElo "2595"]
[BlackElo "2246"]
[TimeControl "180+1"]
[EndTime "10:41:21 PST"]
[Termination "DenishevM won by resignation"]

1. Nf3 f5 2. d3 d6 3. e4 e5 4. Nc3 Nf6 5. Bg5 Be7 6. exf5 Bxf5 7. d4 e4 8. Nh4 Bg4 9. Be2 Bxe2 10. Qxe2 d5 11.
Nf5 O-O 12. Nxe7+ Qxe7 13. Nxd5 Qd6 14. Nxf6+ gxf6 15. Be3 f5 16. g3 Nc6 17. O-O-O Qd5 18.
c4 Qf7 19. a3 Na5 20. d5 b5 21. cxb5 Rab8 22. b4 Nb7 23. a4 Nd6 24. Bc5 Rfd8 25. Qc2 Nc8 26. Qb3 Nb6 27. Bxb6 cxb6 28. Kb1 Rd6 29.
Rd4 Rbd8 30. Rhd1 h5 31. h3 Qg6 32. Qe3 Qf7 33. g4 hxg4 34. hxg4 Rxd5 35. Qg5+ Kf8 36. Qxd8+ Rxd8 37. Rxd8+ 1-0

[Event "*** Titled Tuesday Blitz"]
[Site "Chess.com"]
[Date "2021.02.16"]
[Round "4"]
[White "Indianlad"]
[Black "anon102030"]
[Result "1-0"]
[WhiteElo "2926"]
[BlackElo "2722"]
[TimeControl "180+1"]
[EndTime "10:41:22 PST"]
[Termination "Indianlad won on time"]

1. Nf3 d6 2. d4 g6 3. e4 Bg7 4. Bc4 Nf6 5. Qe2 O-O 6. O-O Nc6 7. Rd1 Bg4 8. Bb3 e5 9. c3 exd4 10. cxd4 Re8 11. Nc3 Nxe4 12. Nxe4 d5 13. Bg5 Qd7 14. Qb5 Bxf3 15. gxf3 dxe4 16. d5 exf3 17. Kh1 Qh3 18. Qf1 Qxf1+ 19. Rxf1 Nd4 20. Bc4 b5 21. Bd3 f5 22. Rac1 h6 23. Be3 Rad8 24. Rc5 a6 25. Rd1 Ne2 26. Rxc7 Rxd5 27. Bc4 bxc4 28. Rxd5 f4 29. Bd2 c3 30. bxc3 Bxc3 31. Rxc3 Nxc3 32. Bxc3 Rc8 33. Rd3 Kf7 34. Rxf3 Rc4 35. Kg2 g5 36. Rd3 Kg6 37. a3 Ra4 38. h3 Kf5 39. Bb4 h5 40. Be7 g4 41. h4 Ke4 42. Rb3 Rc4 43. Rb4 f3+ 44. Kg3 Kd3 45. Rxc4 Kxc4 46. Kf4 Kd3 47.
Bc5 Ke2 48. Kg5 Kd3 49. Kxh5 Ke2 50. Kxg4 Kd3 51. Kxf3 1-0

[Event "*** Titled Tuesday Blitz"]
[Site "Chess.com"]
[Date "2021.02.16"]
[Round "4"]
[White "xberli"]
[Black "Nozdrachev_Leonid"]
[Result "1/2-1/2"]
[WhiteElo "2503"]
[BlackElo "2525"]
[TimeControl "180+1"]
[EndTime "10:41:23 PST"]
[Termination "Game drawn - insufficient material"]

1. b3 Nf6 2. Bb2 d6 3. c4 Nbd7 4. Nf3 e5 5. g3 g6 6. Bg2 Bg7 7. O-O O-O 8. Nc3 Re8 9. d3 e4 10. dxe4 Nxe4 11. Qc2 Ndc5 12. Nxe4 Nxe4 13. Bxg7 Kxg7 14.
Qb2+ Qf6 15. Qxf6+ Nxf6 16. e3 Bf5 17. Nd4 Be4 18.
Rfd1 Bxg2 19. Kxg2 a6 20. h4 Ne4 21. Rac1 f5 22. Ne2 b6 23. Nf4 Nf6 24. Nd5 Nxd5 25. cxd5 Ra7 26. Kf3 Kf6 27. Rd4 Ke7 28. Kf4 Kd7 29.
h5 Raa8 30. hxg6 hxg6 31. Rdc4 Rac8 32. Rh1 Re7 33. Kg5 Rg8 34. Rh6 Re5 35. Rd4 f4+ 36. Kxf4 Rf8+ 37. Kg4 Rxf2 38. Rh7+ Re7 39. Rxe7+ Kxe7 40. Re4+ Kd7 41. Kg5 Rxa2 42. Kxg6 Rd2 43. Rd4 Rxd4 44.
exd4 a5 45. Kf7 b5 46. g4 a4 47. bxa4 bxa4 48. g5 a3 49. g6 a2 50. g7 a1=Q 51.
g8=Q Qf1+ 52. Kg7 Qg2+ 53. Kf8 Qxg8+ 54. Kxg8 c5 55. dxc6+ Kxc6 56. Kf7 Kd5 57. Ke7 Kxd4 58. Kxd6 1/2-1/2

[Event "*** Titled Tuesday Blitz"]
[Site "Chess.com"]
[Date "2021.02.16"]
[Round "4"]
[White "EvgenyT"]
[Black "davidkalashian"]
[Result "1-0"]
[WhiteElo "2928"]
[BlackElo "2573"]
[TimeControl "180+1"]
[EndTime "10:41:23 PST"]
[Termination "EvgenyT won by resignation"]

1. c4 Nf6 2. Nc3 g6 3. e4 d6 4. d4 Bg7 5. Nf3 Bg4 6. Be2 Nfd7 7. Be3 c5 8. d5 Bxc3+ 9. bxc3 Qa5 10. O-O Nb6 11. e5 Bxf3 12. Bxf3 Nxc4 13. exd6 Nxe3 14. Qe1 Nf5 15. dxe7 Nd7 16. d6 Nxd6 17. Rd1 Qc7 18. Qe2 Nf5 19. Rfe1 a6 20. Bg4 Rb8 21. Bxf5 gxf5 22.
Qh5 Qc6 23. Qxf5 Rg8 24. g3 Rg6 25. Re2 Re6 26. Red2 Kxe7 27. Rxd7+ Qxd7 28. Rxd7+ Kxd7 29. Qxf7+ Re7 30. Qd5+ Kc8 31. Qxc5+ Kd8 32. Qd6+ Kc8 33. Qxe7 1-0

[Event "*** Titled Tuesday Blitz"]
[Site "Chess.com"]
[Date "2021.02.16"]
[Round "4"]
[White "Nuvas"]
[Black "esapunov"]
[Result "0-1"]
[WhiteElo "2482"]
[BlackElo "2679"]
[TimeControl "180+1"]
[EndTime "10:41:23 PST"]
[Termination "esapunov won by resignation"]

1. d4 Nf6 2. c4 g6 3. Nc3 Bg7 4. e4 O-O 5. h3 d6 6. Be3 a6 7.
g4 Nbd7 8. Bg2 c5 9. Nge2 Rb8 10.
a4 b6 11. O-O cxd4 12. Nxd4 Bb7 13. f4 e5 14. Nde2 exf4 15. Nxf4 Nc5 16. Qc1 Nb3 17. Qc2 Nxa1 18. Rxa1 Re8 19. Rd1 Nxe4 20. Ncd5 Bxd5 21.
Nxd5 Nc5 22. b4 Nd7 23. Qf2 a5 24.
Rf1 Rf8 25. b5 Nc5 26. Bd4 f5 27. Bxg7 Kxg7 28. Qd4+ Kg8 29. gxf5 gxf5 30. Kh1 Rb7 31.
Nf4 Rg7 32. Bd5+ Kh8 33. Nh5 Qg5 34. Rg1 Qxg1+ 35. Qxg1 Rxg1+ 36. Kxg1 Nxa4 37. Nf4 Nc5 0-1